 Dungeon Crawl Stone Soup version 0.30.0-29-ga12c61a403 (webtiles) character file.

Game seed: 7966225197320034500

1325 Fecro the Covert (level 8, -7/39 HPs)
             Began as a Spriggan Brigand on June 20, 2023.
             Killed from afar by an electric eel (11 damage)
             ... with a bolt of electricity
             ... on level 6 of the Dungeon.
             The game lasted 00:15:42 (4586 turns).

Fecro the Covert (Spriggan Brigand)                 Turns: 4586, Time: 00:15:43

Health: -7/39      AC:  3    Str:  7    XL:     8   Next: 34%
Magic:  13/13      EV: 34    Int: 12    God:
Gold:   250        SH:  0    Dex: 25    Spells: 12/12 levels left

rFire   . . .        a - +2 dagger
rCold   . . .        (no shield)
rNeg    . . .        b - +0 robe
rPois   .            (helmet restricted)
rElec   .            c - +0 cloak
rCorr   .            (gloves unavailable)
SInv    +            (boots unavailable)
Will    +....        B - amulet of the acrobat
Stlth   +++++        w - +6 ring of dexterity
HPRegen 0.26/turn    (no ring)
MPRegen 0.13/turn

%: acrobat
@: acrobatic, very quick
A: very small, no large weapons, unfitting armour, see invisible, speed 3
a: no special abilities


You were on level 6 of the Dungeon.
You visited 1 branch of the dungeon, and saw 6 of its levels.

You collected 250 gold pieces.

Inventory:

Hand Weapons
 a - a +2 dagger (weapon)
Missiles
 d - 8 poisoned darts
 e - a curare-tipped dart
 j - 32 stones
 s - 4 boomerangs (quivered)
 t - 6 datura-tipped darts
Armour
 b - a +0 robe (worn)
 c - a +0 cloak (worn)
Jewellery
 q - a +6 ring of intelligence
 w - a +6 ring of dexterity (left hand)
 B - an amulet of the acrobat (around neck)
Wands
 v - a wand of quicksilver (7)
 y - a wand of charming (13)
Scrolls
 f - 6 scrolls of identify {unknown}
 g - 3 scrolls of noise {unknown}
 m - 3 scrolls of fear {unknown}
 n - 2 scrolls of immolation {unknown}
 r - 2 scrolls of magic mapping {unknown}
 u - a scroll of fog {unknown}
 x - a scroll of brand weapon {unknown}
 C - 2 scrolls of teleportation {unknown}
 D - a scroll of enchant weapon {unknown}
Potions
 h - 3 potions of heal wounds {unknown}
 i - 3 potions of might {unknown}
 k - 2 potions of mutation {unknown}
 l - 3 potions of curing {unknown}
 o - a potion of lignification {unknown}
 p - a potion of cancellation {unknown}
 z - 3 potions of invisibility {unknown}
 A - 2 potions of degeneration {unknown}
 E - a potion of attraction {unknown}


   Skills:
 + Level 2.5 Fighting
 + Level 5.0 Short Blades
 * Level 5.9 Throwing
 + Level 3.6 Dodging
 * Level 10.8 Stealth
 * Level 2.7 Spellcasting


You had 12 spell levels left.
You didn't know any spells.
Your spell library contained the following spells:

 Spells                   Type           Power      Damage    Failure   Level
 Magic Dart               Conj           4%         1d3       26%         1
 Searing Ray              Conj           2%         2d4       36%         2
 Fulminant Prism          Conj/Hex       0%         3d5       94%         4
 Malign Gateway           Summ/Tloc      0%         N/A       100%        7
 Summon Horrible Things   Summ           0%         N/A       100%        8


Dungeon Overview and Level Annotations

Branches:
Dungeon (6/15)
 Temple: D:4-7

Altars:

Shops:
D:2 :   D:3 :=[


Innate Abilities, Weirdness & Mutations

You are very small and have problems with some larger weapons.
You are too small for most types of armour.
You have supernaturally acute eyesight. (SInv)
You cover ground extremely quickly. (Speed+++)


Message History

You now have 250 gold pieces (gained 9).
f - 6 scrolls labelled HOSTRA POJO (gained 1)
C - 2 scrolls labelled HASOLA WYNAPH (gained 1)
Found a stone staircase leading up.
A sleepcap comes into view.
An electric eel comes into view.
The helpless sleepcap fails to defend itself.
You stick the sleepcap like a pincushion!!!!
You destroy the sleepcap!
An electric eel is nearby!
You enter the shallow water.
Moving in this stuff is going to be slow.
An electric eel comes into view.
Found 13 gold pieces.
The electric eel shoots out a bolt of lightning at you!
The bolt of electricity hits the plant.
The plant begins to die.
The bolt of electricity hits the plant!
The plant begins to die.
The bolt of electricity hits the plant!
The plant begins to die.
The bolt of electricity hits the plant!
The plant begins to die.
The bolt of electricity hits you!
A black bear comes into view.
The black bear growls angrily.
A scorpion comes into view.
The black bear closely misses you. The black bear misses you.
The black bear completely misses you.
A nearby plant withers and dies.
A nearby plant withers and dies.
You enter the shallow water.
Moving in this stuff is going to be slow.
The electric eel shoots out a bolt of lightning at you!
The bolt of electricity misses you. x2
The bolt of electricity hits the electric eel.
The electric eel completely resists.
The electric eel shoots out a bolt of lightning at you!
The bolt of electricity hits you!
The electric eel shoots out a bolt of lightning at you!
The bolt of electricity hits you!
* * * LOW HITPOINT WARNING * * *
The bolt of electricity hits you!
You die...

######## #.# #.####.#.P~.P
#......# #.# #.#....P~.P~.
#.####.######.# ####.#.#...PPP~.
#.###.........###.....P.PP~♣~S.P
.......######.......PPPP♣~~~PP~#
#.####.# #.###P.P~~~♣~~~~~P..
#.####.# #.##PPP~~~♣PPP.###..
#......# #.##PP~≈≈~♣PP#.# #
######## #...@~~♣♣♣PP~~.#
####~P~~♣ ♣PPP.# #~S~~♣≈~~P~~#
#.PP~~~≈♣♣~ ##h#PPPP~≈
#.s####~~~ #..# ##P ##.# #$#


You could see a black bear, a scorpion and an electric eel.

Vanquished Creatures
  Prince Ribbit (D:5)
  Menkaure (D:4)
  A black bear (D:4)
  An ice beast (D:4)
  3 ogres
  2 phantoms (D:4)
  2 scorpions
  2 hounds
  2 jellies (D:4)
  2 sleepcaps
  Terence (D:3)
  Natasha (D:4)
  2 adders
  3 ufetubi
  A worm (D:2)
  An orc (D:5)
  7 ball pythons
  8 endoplasms
  4 goblins
  6 hobgoblins
  3 quokkas
  5 bats
  2 frilled lizards
  A kobold (D:1)
  5 rats
67 creatures vanquished.

Notes
Turn   | Place    | Note
-------+----------+-------------------------------------------
     0 | D:1      | Fecro the Spriggan Brigand began the quest for the Orb.
     0 | D:1      | Reached XP level 1. HP: 10/10 MP: 2/2
    34 | D:1      | Reached skill level 6 in Stealth
   167 | D:1      | Reached XP level 2. HP: 14/14 MP: 3/3
   879 | D:2      | Found Buxer's Vocational Training.
  1134 | D:2      | Reached XP level 3. HP: 16/18 MP: 4/4
  1458 | D:2      | Reached skill level 7 in Stealth
  1792 | D:3      | Found Hoelyqent's Antique Armour Boutique.
  1811 | D:3      | Noticed a scorpion
  1814 | D:3      | Killed a scorpion
  1815 | D:3      | Reached XP level 4. HP: 23/23 MP: 5/5
  2048 | D:3      | Found Nipos's Book Boutique.
  2109 | D:3      | Noticed Terence
  2121 | D:3      | Killed Terence
  2197 | D:3      | Found Wufrahe's Jewellery Emporium.
  2231 | D:4      | Noticed Menkaure
  2234 | D:4      | Killed Menkaure
  2235 | D:4      | Reached skill level 8 in Stealth
  2235 | D:4      | Reached XP level 5. HP: 26/26 MP: 6/6
  2281 | D:4      | Noticed an ogre
  2307 | D:4      | Killed an ogre
  2308 | D:4      | Reached skill level 9 in Stealth
  2308 | D:4      | Reached XP level 6. HP: 27/30 MP: 7/7
  2635 | D:4      | Noticed Natasha
  2640 | D:4      | Killed Natasha
  2881 | D:4      | Reached XP level 7. HP: 35/35 MP: 8/8
  3205 | D:5      | Entered Level 5 of the Dungeon
  3414 | D:5      | Reached skill level 10 in Stealth
  3414 | D:5      | Reached skill level 1 in Spellcasting
  4027 | D:5      | Reached XP level 8. HP: 39/39 MP: 12/12
  4303 | D:4      | Reached skill level 5 in Short Blades
  4303 | D:4      | Reached skill level 5 in Throwing
  4374 | D:6      | Noticed Prince Ribbit
  4417 | D:5      | Killed Prince Ribbit
  4586 | D:6      | Killed from afar by an electric eel

Illustrated notes

Levels and vault maps discovered:
D:1:      elethiomel_arrival_shortcut, layout_basic, kennysheep_boxes
D:2:      layout_basic, nicolae_shop_vocational
D:3:      layout_rooms, serial_shops, nicolae_shop_stone,
          nicolae_book_shop_shelving, shop, uniq_terence
D:4:      layout_cave_pods, uniq_natasha, uniq_menkaure
D:5:      layout_cave_pools
D:6:      layout_loops_cross, chequers_temple_overflow_minitemple,
          minmay_temple_entry_statues_pillars, chequers_serial_rivers_small_b,
          serial_bayou_lagoon_a, uniq_eustachio, uniq_prince_ribbit1

Skill      XL: |  1  2  3  4  5  6  7  8 |
---------------+-------------------------+-----
Stealth        | 6 7 8 9 10 | 10.8
Short Blades   | 3 4 5 |  5.0
Fighting       | 2 |  2.5
Throwing       | 3 4 5 |  5.9
Dodging        | 2 3 |  3.6
Spellcasting   | 2 |  2.7

Action                     |  1- 3 |  4- 6 |  7- 9 || total
---------------------------+-------+-------+-------++-------
  Melee: Dagger            |    91 |    75 |    60 ||   226
         Punch             |     5 |       |       ||     5
  Throw: Stone             |    10 |       |       ||    10
         Dart              |       |     3 |    16 ||    19
         Boomerang         |       |       |    63 ||    63
   Stab: Sleeping          |    11 |     7 |     3 ||    21
 Armour: Robe              |     2 |     3 |     5 ||    10
  Dodge: Dodged            |    45 |    48 |    77 ||   170
